 Dungeon Crawl Stone Soup version 0.32-a0-872-g59262bdc9b (webtiles) character file.

Game seed: 11991408840330378425

611196 Lavandula the Ruinous (level 26, -34/161 HPs)
             Began as a Naga Conjurer on Mar 22, 2024.
             Was a High Priest of Lugonu.
             Killed from afar by Cerebov (52 damage)
             ... with a great blast of fire
             ... in Pandemonium on Mar 30, 2024.
             The game lasted 05:46:26 (73595 turns).

Lavandula the Ruinous (Naga Conjurer)              Turns: 73595, Time: 05:46:26

Health: -34/161    AC: 35    Str: 13 (14) XL:     26   Next: 64%
Magic:  0/40       EV:  9    Int: 27      God:    Lugonu [*****.]
Gold:   4735       SH: 14    Dex: 14      Spells: 4/52 levels left

rFire   . . .        H - +9 demon trident (distort)
rCold   . . .        Z - +2 kite shield {reflect}
rNeg    + + +        M - +2 troll leather armour
rPois   +            s - +1 hat
rElec   +            v - +0 cloak "Haerural" {rF++ rN+}
rCorr   +            y - +2 pair of gloves {Str+3}
SInv    +            I - +10 Black Knight's barding {ponderous, rPois rN+}
Will    +++++        T - amulet of the Four Winds {rN+ Will+++ Clar}
Stlth   +++++        a - ring "Adulethriufo" {rElec rF+ Dex+4}
HPRegen 1.26/turn    m - ring "Quheenol" {rElec rN+ rCorr Str+2}
MPRegen 0.27/turn

%: reflection, clarity
@: fire vulnerable, studying Polearms, very slow
A: AC +8, large, see invisible, deformed body, poison resistance, slowness 2,
spit poison 1, naga tail 2, antennae 2, claws 1, iridescent scales 1, berserk 1,
clumsy 1, deterioration 1, frail 3, weak 1, heat vulnerability 2, persistent
drain
}: 5/15 runes: serpentine, barnacled, slimy, abyssal, magical
a: Spit Poison, Renounce Religion, Depart the Abyss, Banish, Corrupt, Enter the
Abyss


You were in Pandemonium.
You worshipped Lugonu.
Lugonu was extremely pleased with you.
You visited 12 branches of the dungeon, and saw 54 of its levels.
You visited Pandemonium 1 time, and saw 7 of its levels.
You visited the Abyss 3 times.
You visited 1 bazaar.
You also visited: Trove and Desolation.

You collected 10365 gold pieces.
You spent 5630 gold pieces at shops.

Inventory:

Hand Weapons
 H - a +9 demon trident of distortion (weapon)
Missiles
 N - 13 throwing nets
Armour
 i - the +4 barding of Qoxkiys {Int+3 Stlth+}
   (You found it in a treasure trove)

   Int+3:     It affects your intelligence (+3).
   Stlth+:    It makes you more stealthy.
 s - a +1 hat (worn)
 v - the +0 cloak "Haerural" (worn) {rF++ rN+}
   (You bought it in a shop on level 2 of the Vaults)

   rF++:      It greatly protects you from fire.
   rN+:       It protects you from negative energy.
 y - a +2 pair of gloves of strength (worn)
 I - the +10 Black Knight's barding (worn) {ponderous, rPois rN+}
   (You found it in the Desolation of Salt)

   rPois:     It protects you from poison.
   rN+:       It protects you from negative energy.
 M - a +2 troll leather armour (worn)
 O - a scarf of resistance
 Z - a +2 kite shield of reflection (worn)
Magical Staves
 Q - the staff "Pan Touz" {rC+ Str+2 Conj Ice Air}
   (You found it in Pandemonium)

   [staff of cold]

   Base accuracy: +5 Base damage: 5 Base attack delay: 1.2 This weapon's minimum
   attack delay (0.6) is reached at skill level 12.
   Str+2:     It affects your strength (+2).
   rC+:       It protects you from cold.
   Conj:      It increases the power of your Conjurations spells.
   Ice:       It increases the power of your Ice spells.
   Air:       It increases the power of your Air spells.
   It falls into the 'Staves' category.
   It is a one-handed weapon.
Jewellery
 a - the ring "Adulethriufo" (left hand) {rElec rF+ Dex+4}
   (You found it on level 5 of the Pits of Slime)

   [ring of protection from fire]

   Dex+4:     It affects your dexterity (+4).
   rF+:       It protects you from fire.
   rElec:     It insulates you from electricity.
 k - a +5 ring of evasion
 m - the ring "Quheenol" (right hand) {rElec rN+ rCorr Str+2}
   (You found it on level 5 of the Pits of Slime)

   [ring of resist corrosion]

   Str+2:     It affects your strength (+2).
   rElec:     It insulates you from electricity.
   rN+:       It protects you from negative energy.
   rCorr:     It protects you from acid and corrosion.
 q - an amulet of magic regeneration
 x - the ring of Vogge {Fire Will++}
   (You found it in a treasure trove)

   [ring of fire]

   Fire:      It enhances your fire magic.
   rF+:       It protects you from fire.
   rC-:       It makes you vulnerable to cold.
   Will++:    It greatly increases your willpower.
 B - a ring of protection from cold
 T - the amulet of the Four Winds (around neck) {rN+ Will+++ Clar}
   (You found it on level 5 of the Pits of Slime)

   [amulet of nothing]

   rN+:       It protects you from negative energy.
   Will+++:   It greatly increases your willpower.
   Clar:      It protects you from confusion, rage, mesmerisation and fear.
 V - a ring of wizardry
Talismans
 f - a maw talisman
Wands
 E - a wand of charming (82)
 F - a wand of warping (53)
 J - a wand of light (9)
 P - a wand of digging (11)
 X - a wand of polymorph (19)
Scrolls
 d - 6 scrolls of amnesia
 g - 4 scrolls of revelation
 h - 10 scrolls of blinking
 n - 18 scrolls of poison
 o - 2 scrolls of butterflies
 u - 10 scrolls of fog
 w - 14 scrolls of teleportation
 A - 4 scrolls of immolation
 G - 2 scrolls of vulnerability
 K - 10 scrolls of fear
 Y - 4 scrolls of silence
Potions
 b - 8 potions of magic
 c - 2 potions of berserk rage
 e - 9 potions of enlightenment
 j - 7 potions of heal wounds
 p - 11 potions of haste
 r - 5 potions of attraction
 z - 8 potions of brilliance
 C - 3 potions of resistance
 L - 7 potions of invisibility
 R - 8 potions of might
 S - 15 potions of curing
 U - 3 potions of cancellation
 W - a potion of ambrosia
Miscellaneous
 l - a phial of floods
 t - a condenser vane (inert)
 D - a box of beasts


   Skills:
 - Level 12.8 Fighting
 - Level 19.8 Polearms
 - Level 6.7 Armour
 - Level 9.2 Dodging
 - Level 12.1 Stealth
 - Level 12.0 Shields
 + Level 13.9 Spellcasting
 - Level 24.4 Conjurations
 - Level 3.0 Necromancy
 - Level 3.0 Translocations
 - Level 4.0 Ice Magic
 - Level 19.9 Air Magic
 - Level 4.0 Alchemy
 - Level 13.2 Invocations
 - Level 4.0 Evocations
 - Level 8.0 Shapeshifting


You had 4 spell levels left.
You knew the following spells:

 Your Spells              Type           Power      Damage    Failure   Level
a - Maxwell's Capacitive  Air            45%        ∞         14%         8
d - Frozen Ramparts       Ice            80%        1d13      4%          3
e - Momentum Strike       Conj/Tloc      100%       3d10      1%          2
f - Blink                 Tloc           70%        N/A       3%          2
g - Apportation           Tloc           70%        N/A       2%          1
h - Irradiate             Conj/Alch      38%        3d24      1%          5
i - Fugue of the Fallen   Necr           35%        N/A       7%          3
j - Orb of Destruction    Conj           50%        9d13      1%          7
k - Freezing Cloud        Conj/Ice/Air   41%        6-21      1%          5
l - Chain Lightning       Conj/Air       47%        3d63      65%         9
m - Swiftness             Air            90%        N/A       0%          3

Your spell library contained the following spells:

 Spells                   Type           Power      Damage    Failure   Level
 Magic Dart               Conj           100%       1d8       0%          1
 Shock                    Conj/Air       100%       1d9       0%          1
 Searing Ray              Conj           100%       2d8       0%          2
 Static Discharge         Conj/Air       100%       3-8/arc   0%          2
 Freeze                   Ice            100%       1d10      1%          1
 Kiss of Death            Conj/Necr      100%       2d13      1%          1
 Sting                    Conj/Alch      100%       1d9       1%          1
 Cigotuvi's Dreadful Rot  Necr/Alch/Air  100%       N/A       1%          2
 Mercury Vapours          Alch/Air       100%       N/A       1%          2
 Dazzling Flash           Conj/Hex       100%       N/A       1%          3
 Hailstorm                Conj/Ice       77%        3d13      1%          3
 Mephitic Cloud           Conj/Alch/Air  82%        N/A       1%          3
 Stone Arrow              Conj/Erth      100%       3d13      1%          3
 Airstrike                Air            45%        2d(7-23)  1%          4
 Brom's Barrelling Bould  Conj/Erth      71%        2d8       1%          4
 Flame Wave               Conj/Fire      71%        2d16      1%          4
 Fulminant Prism          Conj/Alch      38%        3d18      1%          4
 Iskenderun's Mystic Bla  Conj/Tloc      75%        2d15      (+2d81%     4
 Summon Lightning Spire   Summ/Air       64%        N/A       1%          4
 Vhi's Electric Charge    Tloc/Air       100%       N/A       1%          4
 Necrotise                Necr           100%       1d9       2%          1
 Lesser Beckoning         Tloc           70%        N/A       3%          2
 Sublimation of Blood     Necr           35%        N/A       3%          2
 Ozocubu's Armour         Ice            40%        N/A       4%          3
 Ensorcelled Hibernation  Hex/Ice        58%        N/A       5%          2
 Vampiric Draining        Necr           35%        2d8       7%          3
 Sandblast                Erth           36%        2d10      8%          1
 Slow                     Hex            72%        N/A       8%          1
 Summon Small Mammal      Summ           72%        N/A       8%          1
 Summon Ice Beast         Ice/Summ       29%        N/A       11%         3
 Call Imp                 Summ           36%        N/A       12%         2
 Jinxbite                 Hex            36%        N/A       12%         2
 Scorch                   Fire           36%        2d6       12%         2
 Volatile Blastmotes      Fire/Tloc      52%        2d14      13%         3
 Olgreb's Toxic Radiance  Alch           40%        N/A       16%         4
 Animate Dead             Necr           35%        N/A       22%         4
 Dispel Undead            Necr           35%        3d15      22%         4
 Call Canine Familiar     Summ           18%        N/A       24%         3
 Confusing Touch          Hex            18%        N/A       24%         3
 Inner Flame              Hex/Fire       18%        N/A       24%         3
 Passwall                 Erth           18%        N/A       24%         3
 Tukima's Dance           Hex            18%        N/A       24%         3
 Ignite Poison            Fire/Alch      29%        N/A       34%         4
 Sticky Flame             Fire/Alch      29%        2d7       34%         4
 Anguish                  Hex/Necr       13%        N/A       38%         4
 Dimensional Bullseye     Hex/Tloc       13%        N/A       38%         4
 Animate Armour           Summ/Erth      36%        N/A       61%         4
 Cause Fear               Hex            9%         N/A       61%         4
 Summon Blazeheart Golem  Fire/Summ      18%        N/A       61%         4
 Iskenderun's Battlesphe  Conj           100%       2d15      0%          5
 Arcjolt                  Conj/Air       47%        1d57      1%          5
 Fireball                 Conj/Fire      35%        3d15      1%          5
 Conjure Ball Lightning   Conj/Air       47%        3x3d16    1%          6
 Starburst                Conj/Fire      35%        6d10      8%          6
 Plasma Beam              Fire/Air       32%        2x1d45    21%         6
 Alistair's Intoxication  Alch           26%        N/A       38%         5
 Spellforged Servitor     Conj/Summ      35%        N/A       41%         7
 Metabolic Englaciation   Hex/Ice        14%        N/A       67%         5
 Yara's Violent Unravell  Hex/Alch       14%        3d7       67%         5
 Borgnjor's Vile Clutch   Necr/Erth      13%        N/A       75%         5
 Summon Forest            Summ/Tloc      13%        N/A       75%         5
 Lee's Rapid Deconstruct  Erth           9%         3d7*      91%         5
 Summon Mana Viper        Hex/Summ       18%        N/A       91%         5
 Eringya's Noxious Bog    Alch           20%        4d6       93%         6
 Sculpt Simulacrum        Ice/Alch       20%        N/A       93%         6
 Death Channel            Necr           17%        N/A       98%         6
 Dispersal                Tloc           17%        N/A       98%         6
 Gell's Gavotte           Tloc           17%        2d(19-28) 98%         6
 Lehudib's Crystal Spear  Conj/Erth      35%        10d9      98%         8
 Permafrost Eruption      Ice/Erth       14%        2x4d4     99%         6
 Summon Cactus Giant      Summ           9%         N/A       100%        6
 Enfeeble                 Hex            9%         N/A       100%        7
 Haunt                    Necr/Summ      13%        N/A       100%        7
 Malign Gateway           Summ/Tloc      13%        N/A       100%        7
 Manifold Assault         Tloc           17%        N/A       100%        7
 Monstrous Menagerie      Summ           9%         N/A       100%        7
 Ozocubu's Refrigeration  Ice            20%        4d11      100%        7
 Summon Hydra             Summ           9%         N/A       100%        7
 Borgnjor's Revivificati  Necr           17%        N/A       100%        8
 Discord                  Hex            9%         N/A       100%        8
 Disjunction              Tloc           17%        N/A       100%        8
 Ignition                 Fire           9%         3d5       100%        8
 Summon Horrible Things   Summ           9%         N/A       100%        8
 Death's Door             Necr           17%        N/A       100%        9
 Dragon's Call            Summ           9%         N/A       100%        9
 Polar Vortex             Ice            20%        12d2*     100%        9


Dungeon Overview and Level Annotations

Branches:
Dungeon (15/15)            Temple (0/1) D:5            Lair (5/5) D:10
 Shoals (4/4) Lair:3        Snake (4/4) Lair:2        Slime (5/5) Lair:5
    Orc (2/2) D:9             Elf (3/3) Orc:2        Vaults (4/5) D:13
  Crypt (3/3) Vaults:2       Tomb (0/3) Crypt:3      Depths (4/4) D:15
   Hell (visited)             Zot (4/5) Depths:4    Desolation (visited)
    Dis: Hell:1         Geh: Hell:1         Coc: Hell:1         Tar: Hell:1

Altars:
Cheibriados
Elyvilon
Kikubaaqudgha
Okawaru
Qazlal
Uskayaw
Vehumet
Wu Jian
Xom
Zin
The Shining One
Beogh
Jiyva
Lugonu

Shops:
D:1 :   D:7 [   D:12 :   Orc:2 *(!!   Elf:2 :=:*   Elf:3 *?[   Shoals:1 **
Vaults:2 *   Vaults:3 ?   Vaults:4 :   Depths:1 ?*

Portals:
Hell: Depths:1 Depths:2 Depths:3 Depths:4
Abyss: Lair:5 Depths:2 Depths:3 Depths:4
Pandemonium: Depths:2
Ziggurat: Depths:1

Annotations:
D:4 Grinder
D:5 Duvessa
D:7 1 transporter, Ajdolov's ghost, novice AtMo
Shoals:4 corrupted
Snake:3 corrupted
Snake:4 2 runed translucent doors, corrupted, Papiegg's ghost, adept MiMo
Slime:5 corrupted
Elf:1 corrupted
Elf:3 corrupted
Vaults:1 1 runed translucent door, corrupted
Vaults:2 corrupted
Depths:2 corrupted
Depths:3 corrupted, exclusion: tormentor
Depths:4 2 transporters, corrupted
Hell Geryon
Zot:1 corrupted, 1 runed translucent door, Befigh's ghost, legendary HOFi
Zot:2 corrupted
Zot:3 corrupted
Abyss:1 Jory; Margery; Polyphemus; Xtahua
Pan corrupted, Cerebov


Innate Abilities, Weirdness & Mutations

Your serpentine skin is tough. (AC +8)
You have supernaturally acute eyesight. (SInv)
Armour fits poorly on your strangely shaped body.
Your system is resistant to poisons. (rPois)
You cover ground very slowly.
You can spit poison.
You can use your snake-like lower body to constrict enemies.
You have a pair of antennae on your head.
You have sharp fingernails.
You are partially covered in iridescent scales. (AC +2)
You sometimes lose your temper in combat.
You are clumsy. (Dex -2)
Your body sometimes deteriorates upon taking damage.
You are extremely frail. (-30% HP)
You are weak. (Str -2)
You are very vulnerable to heat. (rF--)
Your health recovers twice as slowly from being drained.


Message History

The iron shot hits Cerebov!!
You feel charge building up...
Cerebov hits you with the +6 sword of Cerebov!
Cerebov burns you.
The sword of Cerebov burns away your fire resistance.
You feel charge building up...
Cerebov gestures.
Cerebov hits you with the +6 sword of Cerebov!
Cerebov burns you.
You feel charge building up...
Cerebov hits you with the +6 sword of Cerebov!
Cerebov burns you. The balrug gestures at you.
The bolt of fire hits Cerebov.
Cerebov completely resists.
The bolt of fire hits you but does no damage.
The hellion hits you but does no damage.
The balrug closely misses you.
The electricity discharges through the balrug!!!!
The balrug vaporises in an electric haze!
You kill the balrug!
The balrug disappears in a puff of smoke!
You hear a shout!
You block Cerebov's attack.
Unknown command.
Okay, then.
Activating: Corrupt (1% risk of failure)
Press: ? - help, Dir - look around, f - activate Lugonu's Hand of Corruption reaches out! 2 sun moths come into view.
A ynoxinul comes into view.
The sun moth's wings beat fiercely.
The flurry of pyrophoric scales hits the rakshasa.
The hellion misses you. The balrug gestures at you.
The bolt of fire hits the balrug.
The balrug completely resists.
The bolt of fire hits you!!
* * * LOW HITPOINT WARNING * * *
Your body deteriorates!
You feel weakened. Cerebov gestures at you.
A raging storm of fire appears!
The great blast of fire engulfs you!!!
You die... ..#. ..... ... ....# . .yX

y.... .. .. ....
...#,3###R.#
...X.#.§Z§.# #####
.....XX§§§## #..)#
#[@2§:# #.|.#
#####2&##########...#
......2..3......#'####
####.x#...#####..##
...X.....3...##..#
......#.#.....##.#
..).≈≈≈.≈.#1....#.#
...≈.≈2...≈.....#.#
..≈≈≈≈...≈≈≈≈...#.#


You could see Cerebov (fast), 2 balrugs, 2 sun moths, a hellion (summoned), a
ynoxinul, 2 neutral starcursed masses, a neutral tentacled starspawn (summoned,
distracted), a neutral Executioner (summoned, distracted), a neutral rakshasa
(summoned, distracted, burning), 2 neutral large abominations, a neutral neqoxec
(summoned, distracted), a neutral ynoxinul (summoned, distracted), a neutral
small abomination (summoned, distracted) and a neutral nagaraja zombie
(summoned, distracted).

Vanquished Creatures
  the Royal Jelly (Abyss:4)
  Khufu (Vaults:2)
  2 ancient liches (Depths:2)
  The ghost of Atiunar the Hawkeye, a master TrDe of Gozag (Depths:4)
  2 juggernauts
  Mara (Shoals:4)
  A pandemonium lord (Pan)
  Boris (Vaults:2)
  2 Killer Klowns (Zot:1)
  A caustic shrike (Depths:4)
  Parghit (Depths:4)
  2 golden dragons
  Norris (Vaults:1)
  2 bone dragons
  3 Brimstone Fiends (Pan)
  An electric golem (Zot:2)
  Zenata (Abyss:3)
  Jorgrun (D:14)
  A walking earthen tome (Depths:3)
  8 tentacled monstrosities
  A deep elf blademaster (Elf:2)
  9 liches
  18 acid blobs
  8 sphinxes
  A titan (Depths:2)
  2 quicksilver dragons
  The ghost of Jano the Photosynthesist, an adept GnEE of Fedhas (Vaults:1)
  2 death cobs
  Frances (D:13)
  3 storm dragons
  3 krakens
  2 tengu reavers (Depths:3)
  5 shadow dragons
  3 fire giants
  3 rockslimes
  8 nagarajas
  14 azure jellies
  Donald (Snake:3)
  3 draconian monks
  A revenant (Vaults:2)
  6 balrugs
  2 iron dragons
  2 draconian scorchers
  2 demonspawn warmongers (Pan)
  A draconian shifter (Zot:3)
  4 frost giants
  5 draconian knights
  A curse skull (Crypt:3)
  3 deep elf sorcerers
  An imperial myrmidon (Desolation)
  2 reapers
  A juggernaut zombie (Crypt:3)
  13 ironbound preservers
  7 vault wardens
  A cacodemon (Pan)
  4 orc warlords
  A draconian stormcaller (Zot:3)
  A ghoul (Crypt:2)
  13 quicksilver oozes
  5 draconian annihilators
  A caustic shrike skeleton (Crypt:3)
  2 spriggan defenders
  11 very ugly things
  5 formless jellyfish
  5 ironbound thunderhulks
  3 demonspawn corrupters (Pan)
  2 demonspawn blood saints (Pan)
  4 demonspawn black suns (Pan)
  A juggernaut skeleton (Crypt:2)
  2 green draconians (Zot:1)
  6 war gargoyles
  9 vampire knights
  3 deep elf demonologists
  2 deep elf death magi
  3 lorocyprocas (Pan)
  9 stone giants
  8 purple draconians
  2 spark wasps
  19 dire elephants
  3 deep elf annihilators
  6 white draconians
  5 yellow draconians
  5 ettins
  4 black draconians
  13 green deaths (Pan)
  3 eidola
  6 merfolk impalers
  6 red draconians
  3 crystal guardians (Desolation)
  4 blizzard demons (Pan)
  2 merfolk javelineers
  3 yaktaur captains
  4 fire dragons
  A spriggan zombie (Crypt:3)
  9 jiangshi
  A shambling mangrove (Abyss:3)
  5 ragged hierophants (Desolation)
  4 salamander tyrants (Snake:4)
  8 vault guards
  3 entropy weavers
  13 great orbs of eyes
  3 ogre magi
  6 ice dragons
  7 rakshasas
  8 ironbound frosthearts
  2 catoblepae
  A spriggan air mage (Depths:1)
  Harold (Lair:1)
  5 ghost crabs
  A hell beast (Pan)
  10 peacekeepers
  A jorogumo (Pan)
  5 hydras
  A merfolk avatar (Shoals:2)
  6 servants of whispers (Desolation)
  2 alligators (Lair:3)
  An alligator snapping turtle (Shoals:2)
  12 centaur warriors
  4 death knights
  8 death yaks
  4 merfolk aquamancers
  11 tengu warriors
  10 boulder beetles
  25 dancing weapons
  5 deep troll shamans
  7 anacondas
  5 deep troll earth magi
  An orc high priest (Orc:2)
  8 vampire magi
  A sphinx skeleton (Depths:1)
  14 two-headed ogres
  A shock serpent (shapeshifter) (Depths:1)
  A demonic crawler (Pan)
  9 deep elf knights
  10 shock serpents
  Urug (D:12)
  3 occultists
  7 soul eaters (Pan)
  A titan zombie (Crypt:1)
  4 naga sharpshooters
  10 naga warriors
  4 thrashing horrors (Lair:5)
  2 storm dragon zombies (Crypt:3)
  Sonja (D:12)
  7 spriggan berserkers
  Nergalle (D:12)
  8 skysharks
  2 salamander mystics (Snake:4)
  2 wretched stars (Abyss:3)
  11 hell knights
  A shadow wraith (Crypt:1)
  11 sun demons (Pan)
  24 skeletal warriors
  5 iron trolls (Depths:1)
  2 fire crabs (Abyss:3)
  9 sea snakes
  8 sixfirhies (Pan)
  4 mana vipers
  5 arcanists
  A quicksilver dragon simulacrum (Depths:1)
  4 flayed ghosts
  5 glowing orange brains
  8 deep elf archers
  4 shadow demons (Pan)
  3 bog bodies
  13 ironbound convokers
  An obsidian statue (Depths:1)
  30 deep trolls
  2 naga ritualists
  2 sun moths (Pan)
  7 lindwurms
  An anaconda skeleton (Crypt:3)
  4 necromancers
  5 thermic dynamos
  Pikel (D:7)
  An obsidian bat (Orc:2)
  11 deep elf pyromancers
  13 harpies
  12 deep elf zephyrmancers
  9 fauns
  An iron giant skeleton (Crypt:3)
  13 orc knights
  Maurice (D:7)
  A shadow dragon skeleton (Depths:1)
  5 phantasmal warriors
  A goliath frog zombie (Crypt:2)
  23 ugly things
  6 cyclopes
  9 manticores
  A human zombie (Vaults:4)
  A worldbinder (Abyss:3)
  7 moths of wrath
  5 shining eyes
  15 salamanders
  4 merfolk sirens
  2 centaur zombies
  A fire giant skeleton (Vaults:4)
  A rust devil (Abyss:3)
  17 vault sentinels
  2 orange demons (Pan)
  7 guardian serpents
  A human skeleton (Vaults:4)
  8 elephants
  8 naga magi
  3 torpor snails (Lair:3)
  2 apocalypse crabs (Abyss:3)
  21 black mambas
  An eye of devastation (shapeshifter) (Depths:1)
  3 kobold blastminers
  20 smoke demons
  4 molten gargoyles (Desolation)
  An eye of devastation (Slime:3)
  2 water nymphs
  A dire elephant zombie (Abyss:3)
  12 large abominations
  10 cane toads
  5 gargoyles
  A kobold demonologist (D:10)
  2 centaur skeletons (Crypt:3)
  5 rime drakes
  15 yaktaurs
  An efreet (D:14)
  2 hellions (Pan)
  An unseen horror (shapeshifter) (Lair:5)
  9 komodo dragons
  4 freezing wraiths
  An ice devil (Pan)
  5 tengu conjurers
  4 ancient zymes
  A red devil (Pan)
  18 hellwings (Pan)
  A tarantella (Vaults:3)
  A black draconian skeleton (Crypt:2)
  A tengu simulacrum (Depths:1)
  5 trolls
  9 wind drakes
  A harpy skeleton (Crypt:3)
  48 saltlings (Desolation)
  16 merfolk
  A sun moth zombie (Crypt:1)
  6 polar bears
  10 snapping turtles
  7 hornets
  9 dream sheep
  16 blink frogs
  5 raiju
  54 slime creatures
  6 shadows
  5 spriggans
  6 ynoxinuls
  38 yaks
  Sigmund (D:3)
  A satyr skeleton (Crypt:2)
  2 air elementals (Elf:1)
  A wind drake zombie (Crypt:2)
  13 water elementals
  6 wyverns
  9 basilisks
  11 wraiths
  14 small abominations
  6 vampires (Crypt:3)
  A yak (shapeshifter) (D:14)
  2 black mamba skeletons
  A hog (shapeshifter) (Lair:5)
  8 vampire mosquitoes
  13 chaos spawn
  4 fire elementals
  2 neqoxecs (Pan)
  A golden eye (Slime:2)
  14 wargs
  2 redbacks (Vaults:3)
  3 steam dragons
  A naga zombie (Crypt:1)
  27 nagas
  An acid dragon (D:14)
  22 water moccasins
  A water nymph zombie (Crypt:1)
  4 hell hounds (D:13)
  A fire bat zombie (Crypt:2)
  A water nymph skeleton (Crypt:2)
  31 orc warriors
  2 sky beasts (D:6)
  4 ice beasts
  A crocodile (shapeshifter) (D:14)
  A black bear (Lair:3)
  17 laughing skulls
  18 ogres
  23 centaurs
  A snapping turtle skeleton (Crypt:1)
  14 wolves
  2 salamander zombies
  4 lemures (D:7)
  3 kobold brigands
  17 bullfrogs
  A gnoll sergeant (D:8)
  A glowing shapeshifter simulacrum (Depths:1)
  7 scorpions
  A water moccasin zombie (Crypt:1)
  13 wights
  A polar bear zombie (Crypt:1)
  13 killer bees
  8 electric eels
  3 howler monkeys (D:9)
  A bombardier beetle (D:7)
  7 hounds
  A jelly (D:7)
  13 orc priests
  2 iguanas
  A sleepcap (D:8)
  20 orc wizards
  Ijyb (D:3)
  A hell rat (Lair:2)
  A deep dwarf skeleton (Crypt:1)
  An ogre skeleton (Crypt:2)
  3 mummies (Crypt:1)
  Robin (D:4)
  9 gnolls
  12 adders
  A swamp drake skeleton (Crypt:2)
  2 shadow imps (D:5)
  A white imp (Abyss:3)
  3 dart slugs
  A ribbon worm (D:2)
  92 orcs
  5 bats
  7 endoplasms
  4 giant cockroaches
  16 goblins
  6 hobgoblins
  5 jackals
  2 quokkas
  6 ball pythons
  2 frilled lizards
  21 kobolds
  4 rats
  4 starspawn tentacles
  4 tentacles (Abyss:3)
2030 creatures vanquished.

Vanquished Creatures (collateral kills)
  A rockslime (Slime:5)
  A spriggan defender (Depths:4)
  Lodul (D:10)
  A hornet (Depths:4)
  A yak (Lair:1)
  2 wolves (Lair:1)
  An ogre (D:10)
8 creatures vanquished.

Vanquished Creatures (others)
  Tiamat (Zot:1)
  An orb of fire (Zot:3)
  Saint Roka (Vaults:1)
  2 golden dragons
  A Brimstone Fiend (Pan)
  2 tentacled monstrosities
  2 deep elf blademasters (Elf:3)
  3 liches (Depths:3)
  2 deep elf master archers (Elf:3)
  A walking frostbound tome (Depths:3)
  An Executioner (Pan)
  2 death cobs (Zot:2)
  5 acid blobs (Slime:5)
  An ancient champion (Vaults:1)
  A storm dragon (Zot:2)
  3 tengu reavers (Depths:3)
  3 rockslimes (Slime:5)
  2 azure jellies (Slime:5)
  7 nagarajas (Snake:4)
  2 draconian monks (Zot:1)
  3 deep elf sorcerers (Elf:3)
  Aizul (Snake:3)
  A draconian knight (Zot:1)
  2 frost giants
  An iron dragon (Depths:4)
  3 deep elf elementalists (Elf:3)
  2 vault wardens
  2 balrugs (Pan)
  2 very ugly things
  2 draconian annihilators (Zot:1)
  An ironbound preserver (Vaults:2)
  4 quicksilver oozes (Slime:5)
  2 spriggan defenders
  2 green draconians
  An ironbound thunderhulk (Vaults:1)
  A purple draconian (Zot:1)
  5 deep elf death magi (Elf:3)
  5 deep elf demonologists
  4 deep elf annihilators (Elf:3)
  A black draconian (Zot:2)
  A white draconian (Zot:2)
  A yellow draconian (Zot:1)
  3 spark wasps
  A red draconian (Zot:1)
  3 green deaths (Pan)
  A blizzard demon (Pan)
  A deep elf high priest (Elf:3)
  2 merfolk javelineers (Shoals:4)
  6 merfolk impalers (Shoals:4)
  3 fire dragons
  A yaktaur captain (Vaults:2)
  7 great orbs of eyes
  A vault guard (Vaults:1)
  An anaconda (Snake:3)
  A merfolk avatar (Shoals:4)
  A catoblepas (Shoals:4)
  2 merfolk aquamancers (Shoals:4)
  A dancing weapon (Elf:1)
  4 deep troll earth magi
  An orc high priest (Vaults:1)
  8 naga sharpshooters (Snake:4)
  4 tengu warriors
  A hell knight (Depths:2)
  2 occultists (Depths:2)
  2 soul eaters (Pan)
  3 naga warriors (Snake:4)
  4 sun demons (Pan)
  A salamander mystic (Snake:3)
  A glowing orange brain (Depths:2)
  3 sea snakes
  7 slime creatures
  6 deep trolls
  A large abomination (Pan)
  A shadow demon (Pan)
  A spark wasp zombie (Depths:2)
  5 harpies (Shoals:4)
  A naga ritualist (Snake:4)
  A bog body (Crypt:1)
  3 thermic dynamos (Elf:1)
  2 orc knights (Vaults:1)
  8 deep elf pyromancers (Elf:1)
  2 necromancers (Depths:2)
  A manticore (Shoals:4)
  9 ugly things (Depths:2)
  2 ironbound convokers (Vaults:1)
  5 deep elf zephyrmancers (Elf:1)
  3 orc sorcerers (Vaults:1)
  5 salamanders
  8 moths of wrath
  5 naga magi
  A smoke demon (Pan)
  A water nymph (Shoals:4)
  A vault sentinel (Vaults:1)
  A guardian serpent (Snake:4)
  A komodo dragon (Lair:1)
  4 tengu conjurers (Depths:2)
  8 yaktaurs (Vaults:2)
  A red devil (Pan)
  2 hellwings (Pan)
  10 merfolk (Shoals:4)
  A wind drake (Shoals:4)
  2 air elementals (Elf:1)
  A water elemental (Shoals:4)
  2 ynoxinuls (Pan)
  2 basilisks (Shoals:4)
  A chaos spawn (Pan)
  9 nagas
  2 killer bees (D:8)
  An orc priest (Vaults:1)
  An orc wizard (D:10)
  An orc (D:10)
  16 ball lightnings (Pan)
  22 foxfires
  105 starspawn tentacles
  26 tentacles
457 creatures vanquished.

Grand Total: 2495 creatures vanquished

Notes
Turn   | Place    | Note
-------+----------+-------------------------------------------
     0 | D:1      | Lavandula the Naga Conjurer began the quest for the Orb.
     0 | D:1      | Reached XP level 1. HP: 15/15 MP: 3/3
    91 | D:1      | Reached XP level 2. HP: 22/22 MP: 0/5
   152 | D:1      | Found Lopetueru's Book Shop.
   702 | D:1      | Reached XP level 3. HP: 28/28 MP: 5/7
   705 | D:1      | Learned a level 2 spell: Searing Ray
  1157 | D:2      | Found a faded altar of an unknown god.
  1248 | D:2      | Reached skill level 1 in Fighting
  1381 | D:2      | Reached XP level 4. HP: 39/39 MP: 5/8
  1537 | D:2      | Learned a level 4 spell: Iskenderun's Mystic Blast
  2262 | D:3      | Noticed Ijyb
  2442 | D:3      | Got the Meditations on Snow-white Talus
  2464 | D:3      | Reached XP level 5. HP: 48/49 MP: 5/9
  2485 | D:3      | Noticed Sigmund
  2700 | D:4      | Reached skill level 1 in Translocations
  2700 | D:4      | Reached XP level 6. HP: 49/56 MP: 7/10
  2740 | D:4      | Noticed Grinder
  2773 | D:4      | Noticed Robin
  2798 | D:4      | Killed Robin
  3083 | D:4      | Reached XP level 7. HP: 62/62 MP: 8/13
  3087 | D:4      | Learned a level 3 spell: Frozen Ramparts
  3185 | D:4      | Reached skill level 1 in Ice Magic
  3277 | D:3      | Killed Sigmund
  3374 | D:3      | Killed Ijyb
  3794 | D:5      | Entered Level 5 of the Dungeon
  3802 | D:5      | Reached skill level 5 in Conjurations
  3881 | D:5      | Reached skill level 1 in Polearms
  3886 | D:5      | Reached XP level 8. HP: 69/69 MP: 8/14
  3960 | D:5      | Found a staircase to the Ecumenical Temple.
  4016 | D:5      | Noticed Duvessa
  4172 | D:5      | Found a glowing golden altar of the Shining One.
  4183 | D:5      | Found an ornate altar of the Wu Jian Council.
  4408 | D:6      | Learned a level 2 spell: Momentum Strike
  4453 | D:6      | Reached skill level 5 in Polearms
  4573 | D:6      | Learned a level 2 spell: Blink
  4575 | D:6      | Learned a level 1 spell: Apportation
  4592 | D:6      | Reached skill level 1 in Evocations
  4649 | D:6      | Reached XP level 9. HP: 75/75 MP: 12/15
  4843 | D:6      | Reached skill level 5 in Fighting
  5323 | D:7      | Found a shimmering altar of Xom.
  5332 | D:7      | Found an ancient bone altar of Kikubaaqudgha.
  5370 | D:7      | Noticed Pikel
  5385 | D:7      | Killed Pikel
  5492 | D:7      | Found a white marble altar of Elyvilon.
  5815 | D:7      | Reached XP level 10. HP: 81/88 MP: 7/16
  5835 | D:7      | Found a transporter.
  5836 | D:7      | Noticed Ajdolov's ghost (novice AtMo)
  5837 | D:7      | Identified the +0 giant club of Rubbish {flame, Fly Int+3
                  | Dex+5}
  5862 | D:7      | Noticed Maurice
  5875 | D:7      | Maurice stole a ring of protection from cold
  5881 | D:7      | Killed Maurice
  5913 | D:7      | Found Jautidokk's Armour Shop.
  6636 | D:8      | Reached skill level 5 in Spellcasting
  7274 | D:9      | Noticed a +0 falchion
  7274 | D:9      | Noticed a +0 short sword
  7274 | D:9      | Noticed a +0 spear
  7274 | D:9      | Noticed a +0 spear
  7277 | D:9      | Noticed a +0 dagger
  7277 | D:9      | Noticed a +0 dagger
  7277 | D:9      | Noticed a +0 short sword
  7279 | D:9      | Noticed a +0 falchion
  7280 | D:9      | Found a hide-covered altar of Uskayaw.
  7331 | D:9      | Reached skill level 6 in Conjurations
  7477 | D:9      | Found a glowing silver altar of Zin.
  7580 | D:9      | Reached skill level 7 in Conjurations
  7796 | D:9      | Upgraded the game from 0.32-a0-814-g0968bab981 to
                  | 0.32-a0-818-gb728d0252e
  7963 | D:9      | Found a staircase to the Orcish Mines.
  8006 | D:9      | Reached skill level 1 in Shields
  8108 | D:9      | Noticed a two-headed ogre
  8114 | D:9      | Killed a two-headed ogre
  8115 | D:9      | Reached XP level 11. HP: 97/103 MP: 10/18
  8142 | D:9      | Found an iron altar of Okawaru.
  8400 | D:10     | Entered Level 10 of the Dungeon
  8457 | D:10     | Found a staircase to the Lair.
  8956 | D:10     | Reached skill level 10 in Polearms
  9249 | D:11     | Noticed Lodul
  9249 | D:11     | Noticed a manticore
  9250 | D:11     | Noticed a two-headed ogre
  9263 | D:10     | Killed Lodul
  9561 | Lair:1   | Entered Level 1 of the Lair of Beasts
  9658 | Lair:1   | Noticed Harold
 10014 | Lair:1   | Reached skill level 1 in Armour
 10267 | Lair:1   | Killed Harold
 11010 | Lair:1   | Reached XP level 12. HP: 99/112 MP: 2/20
 11272 | Lair:2   | Reached skill level 8 in Conjurations
 11379 | Lair:2   | Noticed a four-headed hydra
 11386 | Lair:2   | Killed a four-headed hydra
 11393 | Lair:2   | Reached skill level 9 in Conjurations
 11432 | Lair:2   | Noticed a skyshark
 11433 | Lair:2   | Noticed a catoblepas
 11567 | Lair:2   | Found a staircase to the Snake Pit.
 11742 | Lair:2   | Noticed a boulder beetle
 11765 | Lair:2   | Killed a boulder beetle
 11855 | Lair:2   | Upgraded the game from 0.32-a0-818-gb728d0252e to
                  | 0.32-a0-842-gbbb8fdbe59
 11881 | Lair:2   | Learned a level 5 spell: Irradiate
 11943 | Lair:2   | Reached skill level 1 in Alchemy
 12018 | Lair:2   | You fall into a shaft and drop 1 floor!
 12281 | Lair:2   | Killed a skyshark
 12362 | Lair:2   | Reached skill level 10 in Conjurations
 12435 | Lair:2   | Noticed a death yak
 12447 | Lair:2   | Killed a death yak
 12448 | Lair:2   | Gained mutation: You can use your snake-like lower body to
                  | constrict enemies. [Naga growth]
 12448 | Lair:2   | Reached XP level 13. HP: 59/118 MP: 7/24
 12708 | Lair:3   | Found a staircase to the Shoals.
 13304 | Lair:3   | Identified the +8 hand axe of Past Mistakes {freeze, rF++
                  | rN+ Dex-2}
 13827 | Lair:3   | Reached skill level 10 in Fighting
 13999 | Lair:3   | Reached skill level 5 in Dodging
 15241 | Lair:5   | Entered Level 5 of the Lair of Beasts
 15268 | Lair:5   | Reached XP level 14. HP: 90/132 MP: 23/25
 15474 | Lair:5   | Gained mutation: You do not regenerate when monsters are
                  | visible. [mutagenic glow]
 15704 | Lair:5   | Gained mutation: Your magical capacity is low. (-10% MP)
                  | [mutagenic glow]
 15855 | Lair:5   | Got Plog's Notes on the Throng
 15860 | Lair:5   | Learned a level 3 spell: Fugue of the Fallen
 15910 | Lair:5   | Reached skill level 1 in Necromancy
 16092 | Lair:5   | Found a corrupted altar of Lugonu.
 16092 | Lair:5   | Found a one-way gate to the infinite horrors of the Abyss.
 16213 | Lair:5   | Became a worshipper of Lugonu the Unformed
 16432 | Lair:5   | Reached skill level 1 in Invocations
 16587 | Lair:5   | Found a staircase to the Slime Pits.
 16900 | Lair:5   | Reached skill level 5 in Invocations
 16936 | Lair:5   | Reached * piety under Lugonu
 17593 | Orc:1    | Entered Level 1 of the Orcish Mines
 18279 | Orc:2    | Entered Level 2 of the Orcish Mines
 18294 | Orc:2    | Reached ** piety under Lugonu
 18731 | Orc:2    | Reached XP level 15. HP: 65/138 MP: 0/24
 18761 | Orc:2    | Reached skill level 5 in Armour
 18835 | Orc:2    | Found a staircase to the Elven Halls.
 19152 | Orc:2    | Reached *** piety under Lugonu
 19592 | Orc:2    | Found a roughly hewn altar of Beogh.
 19602 | Orc:2    | Found Mozaupn's Distillery.
 19610 | Orc:2    | Bought a potion of degeneration for 18 gold pieces
 19610 | Orc:2    | Bought a potion of mutation for 144 gold pieces
 19610 | Orc:2    | Bought a potion of heal wounds for 90 gold pieces
 19610 | Orc:2    | Bought a potion of heal wounds for 90 gold pieces
 19650 | Orc:2    | Found Zolaug's Distillery.
 19657 | Orc:2    | Bought a potion of cancellation for 96 gold pieces
 19657 | Orc:2    | Bought a potion of heal wounds for 60 gold pieces
 19657 | Orc:2    | Bought a potion of curing for 36 gold pieces
 19657 | Orc:2    | Bought a potion of mutation for 96 gold pieces
 19657 | Orc:2    | Lost mutation: Your magical capacity is low. (-10% MP)
                  | [potion of mutation]
 19657 | Orc:2    | Lost mutation: You do not regenerate when monsters are
                  | visible. [potion of mutation]
 19657 | Orc:2    | Gained mutation: You are occasionally teleported next to
                  | monsters. [potion of mutation]
 19657 | Orc:2    | Gained mutation: You are resistant to electric shocks.
                  | (rElec) [potion of mutation]
 19673 | Orc:2    | Reached skill level 5 in Stealth
 19678 | Orc:2    | Lost mutation: You are occasionally teleported next to
                  | monsters. [potion of mutation]
 19678 | Orc:2    | Lost mutation: You are resistant to electric shocks.
                  | (rElec) [potion of mutation]
 19678 | Orc:2    | Gained mutation: You have a beak for a mouth. [potion of
                  | mutation]
 19678 | Orc:2    | Gained mutation: Your spells are a little harder to cast,
                  | but a little more powerful. [potion of mutation]
 19722 | Orc:2    | Found Duet's Weapon Emporium.
 19729 | Orc:2    | Bought a throwing net for 54 gold pieces
 19738 | Orc:2    | Found Nucziwn's Assorted Antiques.
 19745 | Orc:2    | Bought a pair of glowing gloves for 247 gold pieces
 19745 | Orc:2    | Bought a scroll of teleportation for 99 gold pieces
 19745 | Orc:2    | Bought a potion of heal wounds for 165 gold pieces
 19745 | Orc:2    | Bought a twisted moonstone ring for 165 gold pieces
 19745 | Orc:2    | Bought a wand of charming (4) for 316 gold pieces
 20264 | D:11     | Reached skill level 11 in Conjurations
 21076 | D:12     | Reached **** piety under Lugonu
 21090 | D:12     | Found a stormy altar of Qazlal.
 21253 | D:12     | Noticed Urug
 21258 | D:12     | Killed Urug
 21354 | D:12     | Reached skill level 12 in Conjurations
 21446 | D:12     | Found Keydej's Book Shoppe.
 21454 | D:12     | Bought a book of Dangerous Friends for 546 gold pieces
 21462 | D:12     | Learned a level 7 spell: Orb of Destruction
 21463 | D:12     | Noticed Nergalle
 21468 | D:12     | Killed Nergalle
 21494 | D:12     | Noticed Sonja
 21505 | D:12     | Killed Sonja
 21860 | D:13     | Identified a scroll of acquirement
 21861 | D:13     | Acquired a +0 demon trident of flaming
 21872 | D:13     | Noticed Frances
 21892 | D:13     | Killed Frances
 21961 | D:13     | Noticed Azrael
 21965 | D:13     | Banished Azrael
 22146 | D:13     | Found a gate to the Vaults.
 22600 | D:14     | Noticed Jorgrun
 23131 | D:14     | Reached XP level 16. HP: 125/146 MP: 23/28
 23357 | D:14     | Killed Jorgrun
 24033 | Shoals:1 | Entered Level 1 of the Shoals
 24148 | Shoals:1 | Found Ebuc Rei's CLEARANCE SALE!.
 24154 | Shoals:1 | Bought a scroll of acquirement for 156 gold pieces
 24154 | Shoals:1 | Acquired 561 gold pieces
 24376 | Shoals:1 | Reached skill level 13 in Conjurations
 24385 | Shoals:1 | Found Puebut's General Store.
 24394 | Shoals:1 | Bought a potion of invisibility for 144 gold pieces
 24394 | Shoals:1 | Bought a potion of might for 72 gold pieces
 24596 | Shoals:1 | Noticed a kraken
 24641 | Shoals:1 | Killed a kraken
 25513 | Shoals:2 | Reached skill level 14 in Conjurations
 25905 | Shoals:2 | Upgraded the game from 0.32-a0-842-gbbb8fdbe59 to
                  | 0.32-a0-861-g165e151e72
 26279 | D:1      | Bought a book of Air for 242 gold pieces
 27601 | Shoals:4 | Entered Level 4 of the Shoals
 27654 | Shoals:4 | Noticed Polyphemus
 27716 | Shoals:4 | Noticed Mara
 27729 | Shoals:4 | Corrupted Shoals:4
 27729 | Shoals:4 | Noticed a tentacled starspawn
 27729 | Shoals:4 | Noticed a tentacled starspawn
 27729 | Shoals:4 | Noticed a tentacled starspawn
 27742 | Shoals:4 | Noticed a lich
 27797 | Shoals:4 | Reached skill level 10 in Spellcasting
 27810 | Shoals:4 | Noticed Lavandula's illusion
 27821 | Shoals:3 | Gained mutation: You sometimes lose your temper in combat.
                  | [mutagenic glow]
 28060 | Shoals:4 | Reached XP level 17. HP: 134/153 MP: 26/31
 28068 | Shoals:3 | Learned a level 5 spell: Freezing Cloud
 28098 | Shoals:4 | Identified the +12 mace of the Screaming Gods {elec, rPois
                  | Will+ Dex+5}
 28104 | Shoals:4 | Reached skill level 1 in Air Magic
 28390 | Shoals:4 | Got an azure gem with 0 turns to spare
 28392 | Shoals:4 | Got a barnacled rune of Zot
 28485 | Shoals:4 | Noticed Lavandula's illusion
 28505 | Shoals:4 | Killed Mara
 28669 | Shoals:3 | Banished Polyphemus
 28670 | Shoals:3 | Reached skill level 5 in Shields
 28679 | Shoals:3 | Gained mutation: Your body sometimes deteriorates upon
                  | taking damage. [mutagenic glow]
 28966 | Shoals:4 | Gained mutation: You are vulnerable to heat. (rF-)
                  | [mutagenic glow]
 29614 | Snake:1  | Entered Level 1 of the Snake Pit
 29866 | Snake:1  | Reached ***** piety under Lugonu
 31804 | Snake:2  | Found a glowing silver altar of Zin.
 32167 | Snake:3  | Reached skill level 10 in Shields
 32483 | Snake:3  | Identified the serpent talisman of Dishonour {rC+ rN+ Int-5
                  | Dex+3}
 32483 | Snake:3  | Noticed Aizul
 32485 | Snake:3  | Corrupted Snake:3
 32485 | Snake:3  | Noticed a tentacled starspawn
 32485 | Snake:3  | Noticed a tentacled starspawn
 32491 | Snake:3  | Killed Aizul
 32880 | Snake:3  | Noticed Donald
 32885 | Snake:3  | Killed Donald
 33180 | Snake:3  | Reached XP level 18. HP: 157/162 MP: 26/32
 33362 | Snake:3  | Reached skill level 1 in Shapeshifting
 33542 | Snake:4  | Entered Level 4 of the Snake Pit
 33545 | Snake:4  | Found a snail-covered altar of Cheibriados.
 33645 | Snake:4  | Found a glowing golden altar of the Shining One.
 33734 | Snake:4  | Found a large runed translucent door.
 33735 | Snake:4  | Found a large runed translucent door.
 33738 | Snake:4  | Noticed Papiegg's ghost (adept MiMo)
 33738 | Snake:4  | Found the +2 Maxwell's thermic engine {flame, freeze, rev}
 34068 | Snake:4  | Corrupted Snake:4
 34635 | Snake:4  | Reached skill level 5 in Shapeshifting
 34934 | Snake:4  | Got a serpentine rune of Zot
 35273 | Vaults:1 | Entered Level 1 of the Vaults
 35468 | Vaults:1 | Found a runed translucent door.
 35472 | Vaults:1 | Noticed Jano's ghost (adept GnEE)
 35483 | Vaults:1 | Noticed Zenata
 35487 | Vaults:1 | Banished Zenata
 35523 | Vaults:1 | Noticed Norris
 35550 | Vaults:1 | Killed Norris
 35899 | Vaults:1 | Corrupted Vaults:1
 35938 | Vaults:1 | Killed Saint Roka
 36092 | Vaults:1 | Killed Jano's ghost
 36478 | Vaults:1 | Gained mutation: Your body often deteriorates upon taking
                  | damage. [mutagenic glow]
 37314 | Vaults:2 | Corrupted Vaults:2
 37642 | Vaults:2 | Reached XP level 19. HP: 170/170 MP: 28/33
 38152 | Vaults:2 | Found Esutuch's Assorted Antiques.
 38160 | Vaults:2 | Bought a smoking cloak for 285 gold pieces
 38160 | Vaults:2 | Identified the +0 cloak "Haerural" {rF++ rN+} (You bought
                  | it in a shop on level 2 of the Vaults)
 38334 | Vaults:2 | Reached skill level 10 in Invocations
 38454 | Vaults:2 | Found a staircase to the Crypt.
 39269 | Vaults:3 | Found a glowing silver altar of Zin.
 39450 | Vaults:3 | Found Odick's Magic Scroll Boutique.
 39455 | Vaults:3 | Bought a scroll of teleportation for 36 gold pieces
 39455 | Vaults:3 | Bought a scroll of teleportation for 36 gold pieces
 39589 | Vaults:3 | Gained mutation: You are weak. (Str -2) [mutagenic glow]
 40256 | Vaults:3 | Gained mutation: You are dopey. (Int -2) [mutagenic glow]
 40613 | Vaults:3 | Identified the +3 rapier "Ulaneu" {spect, rN+}
 40779 | Vaults:3 | Lost mutation: Your body often deteriorates upon taking
                  | damage. [potion of mutation]
 40779 | Vaults:3 | Lost mutation: You are weak. (Str -2) [potion of mutation]
 40779 | Vaults:3 | Gained mutation: Your body often deteriorates upon taking
                  | damage. [potion of mutation]
 41759 | Vaults:4 | Found a crumbling gateway.
 41766 | Vaults:4 | Reached XP level 20. HP: 147/186 MP: 23/35
 41811 | Desolati | Entered the Desolation of Salt
 41993 | Desolati | Reached skill level 15 in Conjurations
 42517 | Desolati | Reached skill level 16 in Conjurations
 42676 | Desolati | Got the Almanac of Fog
 42931 | Desolati | Found the +10 Black Knight's barding {ponderous, rPois rN+}
 42987 | Desolati | Got the Tome of the Gathering
 43249 | Vaults:4 | Found Fehud's Book Shop.
 43451 | Vaults:4 | Reached skill level 17 in Conjurations
 44134 | Vaults:4 | Reached skill level 18 in Conjurations
 44532 | Elf:1    | Entered Level 1 of the Elven Halls
 44533 | Elf:1    | Corrupted Elf:1
 44608 | Elf:1    | Found a portal to a secret trove of treasure.
 44861 | Elf:1    | Paralysed by an air elemental for 1 turns
 44929 | Elf:1    | Identified the +6 great mace of the Morning {flame, *Noise
                  | rElec rPois rF+}
 45646 | Elf:2    | Found Qenympas's Jewellery Boutique.
 45647 | Elf:2    | Found Roetarchi's Book Shoppe.
 45647 | Elf:2    | Found Vaecelyc's Book Shoppe.
 45838 | Elf:2    | Found Ajecvatt's Assorted Antiques.
 45842 | Elf:2    | Bought a potion of heal wounds for 155 gold pieces
 45842 | Elf:2    | Bought a potion of heal wounds for 155 gold pieces
 45842 | Elf:2    | Bought 2 potions of curing for 186 gold pieces
 45842 | Elf:2    | Bought a scroll of enchant armour for 232 gold pieces
 45930 | Elf:2    | Found a radiant altar of Vehumet.
 46031 | Elf:2    | Reached XP level 21. HP: 193/193 MP: 29/36
 46071 | Elf:2    | Identified the +2 hand axe "Maypnies" {flame, rN+ rCorr}
 46263 | Elf:2    | Found a runed translucent gate.
 46263 | Elf:2    | Found a runed translucent gate.
 46264 | Elf:2    | Found a runed translucent gate.
 46315 | Elf:2    | Reached skill level 19 in Conjurations
 46935 | Elf:3    | Entered Level 3 of the Elven Halls
 47007 | Elf:3    | Found Kaxaommo's Assorted Antiques.
 47027 | Elf:3    | Found Qoliafi's Magic Scroll Boutique.
 47030 | Elf:3    | Found Osa Ikuo's Armour Shop.
 47033 | Elf:3    | Bought a scroll of teleportation for 81 gold pieces
 47037 | Elf:3    | Bought a +1 pair of gloves of strength for 264 gold pieces
 47220 | Elf:3    | Corrupted Elf:3
 47440 | Elf:3    | Identified the +1 buckler "Qooz" {-Tele rC+++ Str+3 Dex-3}
 47460 | Elf:3    | Identified the staff of the Beloved God {+Blink rElec Str+8
                  | Int-2 Air}
 47469 | Elf:3    | Identified the staff "Ruidem" {rPois Dex+4 Alchemy}
 47521 | Elf:3    | Got the Folio of Fulgurant Immolation
 47552 | Elf:3    | Identified the staff of the Red Skies {rPois rC+ rN+ Will+
                  | Dex-3 Ice}
 48200 | D:15     | Entered Level 15 of the Dungeon
 48205 | D:15     | Reached skill level 20 in Conjurations
 48335 | D:15     | Found a staircase to the Depths.
 48998 | Depths:1 | Entered Level 1 of the Depths
 49050 | Depths:1 | Found Nydogehe's General Store.
 49108 | Depths:1 | Found Faumu's Magic Scroll Shoppe.
 49176 | Depths:1 | Found a gateway to Hell.
 49177 | Depths:1 | Found a one-way gateway to a ziggurat.
 49203 | Depths:1 | Found a flickering gateway to a bazaar.
 49216 | Bazaar   | Entered a bazaar
 49216 | Bazaar   | Found Atwedar's Jewellery Shop.
 49216 | Bazaar   | Found Siliuh's General Store.
 49234 | Bazaar   | Found Zuinewn's Antique Armour Emporium.
 49245 | Bazaar   | Found Caehokaq's Antique Weapon Boutique.
 49263 | Bazaar   | Found Paogid's Magic Scroll Emporium.
 49271 | Bazaar   | Bought a scroll of blinking for 142 gold pieces
 49271 | Bazaar   | Bought a scroll of blinking for 142 gold pieces
 49271 | Bazaar   | Bought a scroll of teleportation for 57 gold pieces
 49282 | Bazaar   | Bought a scroll of enchant weapon for 90 gold pieces
 49335 | Depths:1 | Reached skill level 21 in Conjurations
 49542 | Depths:1 | Noticed a bone dragon
 49552 | Depths:1 | Noticed a golden dragon
 49564 | Depths:1 | Killed a bone dragon
 50050 | Depths:1 | Reached ****** piety under Lugonu
 50151 | Depths:1 | Identified a +9 demon trident of distortion (a +9 demon
                  | trident of freezing corrupted by Lugonu)
 50151 | Depths:1 | Received a gift from Lugonu
 50173 | Depths:1 | Reached XP level 22. HP: 147/201 MP: 37/37
 50597 | Depths:1 | Got Khufu's Monograph on Open Graves
 50717 | Depths:2 | Corrupted Depths:2
 50718 | Depths:2 | Noticed an ancient lich
 50856 | Depths:2 | Reached skill level 5 in Air Magic
 51198 | Depths:2 | You fall into a shaft and drop 2 floors!
 51198 | Depths:4 | Entered Level 4 of the Depths
 51200 | Depths:4 | Noticed a juggernaut
 51243 | Depths:2 | Found a one-way gate leading to the halls of Pandemonium.
 51498 | Depths:2 | Noticed an ancient lich
 51500 | Depths:2 | Noticed an ancient lich
 51514 | Depths:2 | Upgraded the game from 0.32-a0-861-g165e151e72 to
                  | 0.32-a0-870-g877066f4b4
 51514 | Depths:2 | Paralysed by a sphinx for 4 turns
 51556 | Depths:2 | Identified the +8 scimitar of the Equator {heavy, *Noise
                  | rF+ rCorr Dex+3}
 51971 | Depths:2 | Reached skill level 10 in Air Magic
 52071 | Depths:2 | Killed an ancient lich
 52271 | Depths:2 | Killed an ancient lich
 52466 | Depths:3 | Corrupted Depths:3
 52466 | Depths:3 | Noticed a golden dragon
 52471 | Depths:3 | Identified the +2 buckler of Ytoujag {-Cast rPois Str+3}
 52472 | Depths:3 | Killed a golden dragon
 52622 | Abyss:3  | Cast into level 3 of the Abyss (an occultist)
 52904 | Abyss:3  | Reached XP level 23. HP: 87/208 MP: 32/38
 52907 | Abyss:3  | Got an abyssal rune of Zot
 52922 | Abyss:3  | Gained mutation: Your health recovers twice as slowly from
                  | being drained. [a neqoxec]
 52948 | Depths:3 | Escaped the Abyss
 53111 | Depths:3 | Noticed a golden dragon
 53137 | Depths:3 | HP: 15/312 [spriggan defender/+5 quick blade of venom (5)]
 53138 | Depths:3 | HP: 3/312 [fire giant/bolt of fire (9)]
 53139 | Depths:3 | HP: 1/208 [poisoned by a spriggan defender]
 53144 | Depths:2 | HP: 9/208 [poisoned by a spriggan defender]
 53701 | Shoals:1 | Bought a potion of mutation for 144 gold pieces
 53701 | Shoals:1 | Bought a potion of haste for 180 gold pieces
 53701 | Shoals:1 | Lost mutation: You have a beak for a mouth. [potion of
                  | mutation]
 53701 | Shoals:1 | Lost mutation: You are dopey. (Int -2) [potion of mutation]
 53701 | Shoals:1 | Gained mutation: You have sharp fingernails. [potion of
                  | mutation]
 54105 | Depths:3 | Noticed a juggernaut
 54503 | Depths:3 | Killed a juggernaut
 54759 | Depths:4 | Killed a juggernaut
 54919 | Depths:4 | Found a white marble altar of Elyvilon.
 55032 | Depths:4 | Reached skill level 15 in Air Magic
 55094 | Depths:4 | Found a transporter.
 55100 | Depths:4 | Noticed a caustic shrike
 55101 | Depths:4 | Noticed Atiunar's ghost (master TrDe)
 55105 | Depths:4 | Noticed Parghit
 55117 | Depths:4 | Killed Parghit
 55157 | Depths:4 | Found a transporter.
 55346 | Depths:4 | Noticed Margery
 55353 | Depths:4 | Banished Margery
 56190 | Depths:4 | Found a gate to the Realm of Zot.
 56388 | Depths:4 | Gained mutation: You occasionally lose the ability to read
                  | scrolls when taking damage. [a shining eye]
 56390 | Depths:4 | Gained mutation: You are frail. (-10% HP) [a shining eye]
 56961 | Elf:2    | Bought a ring of resist corrosion for 340 gold pieces
 57249 | Slime:1  | Entered Level 1 of the Pits of Slime
 57405 | Slime:1  | Lost mutation: Your spells are a little harder to cast, but
                  | a little more powerful. [a shining eye]
 57639 | Slime:3  | Lost mutation: You occasionally lose the ability to read
                  | scrolls when taking damage. [a shining eye]
 57690 | Slime:3  | Gained mutation: Your spells are a little easier to cast,
                  | but a little less powerful. [a shining eye]
 57699 | Slime:3  | Reached XP level 24. HP: 150/194 MP: 11/38
 57792 | Slime:5  | Entered Level 5 of the Pits of Slime
 57978 | Slime:5  | Found a viscous altar of Jiyva.
 57978 | Slime:5  | Noticed the Royal Jelly
 57979 | Slime:5  | Corrupted Slime:5
 57980 | Slime:5  | Found the macabre finger necklace {Finger+ rN+}
 57980 | Slime:5  | Found the amulet of the Four Winds {rN+ Will+++ Clar}
 58254 | Slime:5  | Banished the Royal Jelly
 58559 | Lair:5   | Voluntarily entered the Abyss.
 58567 | Abyss:3  | A cure for insomnia 1/2
 58591 | Abyss:3  | Killed Zenata
 58633 | Abyss:4  | Found a corrupted altar of Lugonu.
 58639 | Lair:5   | Escaped the Abyss
 58776 | Lair:5   | Voluntarily entered the Abyss.
 58878 | Abyss:4  | Killed the Royal Jelly
 58880 | Abyss:4  | Gained mutation: You have an increased reservoir of magic.
                  | (+10% MP) [mutagenic glow]
 58881 | Lair:5   | Escaped the Abyss
 59124 | Slime:5  | Identified the ring "Adulethriufo" {rElec rF+ Dex+4}
 59126 | Slime:5  | Identified the +8 broad axe of Defiance {elec, Will+ MP+9
                  | Str+3 SInv}
 59132 | Slime:5  | Identified the ring "Yhus" {rN+ MP+9 Dex+6 SInv}
 59166 | Slime:5  | Got a slimy rune of Zot
 59169 | Slime:5  | Identified the +1 kite shield of Urijick {rC+ Int+3}
 59170 | Slime:5  | Identified the amulet "Jebb" {Spirit rPois rF+ Dex+2
                  | Slay-5}
 59176 | Slime:5  | Identified the ring "Quheenol" {rElec rN+ rCorr Str+2}
 59286 | Slime:5  | Learned a level 9 spell: Chain Lightning
 59700 | Crypt:1  | Entered Level 1 of the Crypt
 59707 | Crypt:1  | Identified the +2 robe "Wodghaica" {rF+ rN+ Stlth+}
 59707 | Crypt:1  | Noticed Boris
 59724 | Vaults:2 | Killed Boris
 59725 | Vaults:2 | Reached skill level 22 in Conjurations
 59818 | Crypt:1  | Noticed Khufu
 59939 | Vaults:2 | Killed Khufu
 60076 | Crypt:1  | Noticed Xtahua
 60084 | Crypt:1  | Banished Xtahua
 60578 | Crypt:1  | Noticed Jory
 60594 | Crypt:1  | Banished Jory
 61117 | Crypt:2  | Reached skill level 23 in Conjurations
 61498 | Crypt:2  | Identified the +1 scale mail "Lyun" {Harm rF+}
 61866 | Crypt:3  | Entered Level 3 of the Crypt
 62522 | Crypt:3  | Got the Spellbook of Maleficent Arts
 62895 | Crypt:3  | Reached skill level 24 in Conjurations
 63130 | Crypt:3  | Reached XP level 25. HP: 130/200 MP: 37/41
 63529 | Crypt:3  | Found a staircase to the Tomb.
 63578 | Crypt:3  | Noticed an ancient lich
 63591 | Crypt:3  | Banished an ancient lich
 64441 | Zot:1    | Entered Level 1 of the Realm of Zot
 64840 | Zot:1    | Found the +4 dragonskin cloak {Aegis}
 64840 | Zot:1    | Noticed Tiamat
 64841 | Zot:1    | Corrupted Zot:1
 64856 | Zot:1    | Killed Tiamat
 64921 | Zot:1    | Reached skill level 15 in Polearms
 64936 | Zot:1    | Lost mutation: Your body often deteriorates upon taking
                  | damage. [potion of mutation]
 64936 | Zot:1    | Lost mutation: You sometimes lose your temper in combat.
                  | [potion of mutation]
 64936 | Zot:1    | Gained mutation: You are very vulnerable to heat. (rF--)
                  | [potion of mutation]
 64936 | Zot:1    | Gained mutation: You have a pair of small antennae on your
                  | head. [potion of mutation]
 64937 | Zot:1    | Lost mutation: Your spells are a little easier to cast, but
                  | a little less powerful. [potion of mutation]
 64937 | Zot:1    | Lost mutation: You are frail. (-10% HP) [potion of
                  | mutation]
 64937 | Zot:1    | Gained mutation: You have hidden genetic defects. [potion
                  | of mutation]
 64937 | Zot:1    | Gained mutation: You have a pair of antennae on your head.
                  | [potion of mutation]
 64937 | Zot:1    | Gained mutation: You are partially covered in iridescent
                  | scales. (AC +2) [potion of mutation]
 65159 | Zot:1    | Found a runed translucent door.
 65390 | Zot:1    | Noticed a Killer Klown
 65557 | Zot:1    | Noticed a Killer Klown
 65627 | Zot:1    | Killed a Killer Klown
 65822 | Zot:1    | Killed a Killer Klown
 66143 | Zot:1    | Noticed Befigh's ghost (legendary HOFi)
 66292 | Zot:2    | Corrupted Zot:2
 66300 | Zot:2    | Gained mutation: You are frail. (-10% HP) [hidden defects]
 67678 | Zot:3    | You fall into a shaft and drop 1 floor!
 67962 | Zot:3    | Noticed an orb of fire
 67965 | Zot:3    | Corrupted Zot:3
 67977 | Zot:3    | Killed an orb of fire
 68040 | Zot:3    | Lost mutation: You have an increased reservoir of magic.
                  | (+10% MP) [mutagenic glow]
 68046 | Zot:3    | Gained mutation: You are weak. (Str -2) [mutagenic glow]
 68068 | Zot:3    | Gained mutation: You are clumsy. (Dex -2) [mutagenic glow]
 68124 | Zot:3    | Gained mutation: You sometimes lose your temper in combat.
                  | [hidden defects]
 68124 | Zot:3    | Lost mutation: You have hidden genetic defects. [hidden
                  | defects expressed]
 68344 | Depths:4 | Corrupted Depths:4
 68406 | Depths:4 | Killed Atiunar's ghost
 68556 | Depths:4 | Identified the +1 cloak of Indemnity {rElec}
 68657 | Depths:1 | Bought a scroll of enchant armour for 112 gold pieces
 68657 | Depths:1 | Bought a scroll of blinking for 112 gold pieces
 68657 | Depths:1 | Bought a scroll of teleportation for 45 gold pieces
 68926 | Elf:1    | You paid a toll of +4 storm dragon scales to enter a
                  | treasure trove
 68927 | Trove    | Entered a treasure trove
 68957 | Trove    | Identified the +4 barding of Qoxkiys {Int+3 Stlth+}
 68973 | Trove    | Identified the ring of Vogge {Fire Will++}
 69302 | Hell     | Entered the Vestibule of Hell
 69302 | Hell     | Noticed Geryon
 69363 | Pan      | Entered Pandemonium
 69391 | Pan      | Corrupted Pan
 69470 | Pan      | Found an exit through the horrors of the Abyss.
 69512 | Pan      | Gained mutation: You are very frail. (-20% HP) [a neqoxec]
 69688 | Pan      | Noticed Viesyobe the pandemonium lord
 69718 | Pan      | Banished Viesyobe the pandemonium lord
 69808 | Pan      | Corrupted Pan
 69914 | Pan      | Noticed Nidill the pandemonium lord
 69927 | Pan      | Reached XP level 26. HP: 184/184 MP: 39/39
 69980 | Pan      | Learned a level 3 spell: Swiftness
 70063 | Pan      | Reached skill level 10 in Stealth
 70499 | Pan      | Entered the realm of Lom Lobon.
 70737 | Pan      | Found a sparkling altar of Nemelex Xobeh.
 70751 | Pan      | Identified the +2 robe of Bomogrih {-Cast rPois Dex-2 SInv}
 71158 | Pan      | Upgraded the game from 0.32-a0-870-g877066f4b4 to
                  | 0.32-a0-872-g59262bdc9b
 72250 | Pan      | Noticed Lom Lobon
 72252 | Pan      | Corrupted Pan
 72265 | Pan      | Got a magical rune of Zot
 72402 | Pan      | Identified the +1 flail of Fumesea {freeze, rElec Will-
                  | Str+3}
 72810 | Pan      | Noticed Ahyunki the pandemonium lord
 72826 | Pan      | Gained mutation: You are extremely frail. (-30% HP) [a
                  | cacodemon]
 72878 | Pan      | Learned a level 8 spell: Maxwell's Capacitive Coupling
 72918 | Pan      | Killed Ahyunki the pandemonium lord
 73063 | Pan      | Identified the +4 orcbow "Gomulera" {drain, rElec rF-
                  | Dex+4}
 73125 | Pan      | Entered the realm of Cerebov.
 73137 | Pan      | Identified the +0 cloak "Iguin" {-Tele ^Drain rPois Regen+}
 73525 | Pan      | Identified the staff "Pan Touz" {rC+ Str+2 Conj Ice Air}
 73579 | Pan      | Found the +6 sword of Cerebov {flame}
 73579 | Pan      | Noticed Cerebov
 73595 | Pan      | Corrupted Pan
 73595 | Pan      | Killed from afar by Cerebov

Illustrated notes

. ♣♣ .. .♣
.♣
♣♣.♣♣..♣
♣..°..#♣♣
♣♣..°.....
♣.J°.♣
♣@...♣
♣♣...♣
♣..♣..♣
.♣♣♣.♣.. ♣
. .. . ..


Turn 58567 on Abyss:3: A cure for insomnia 1/2

Levels and vault maps discovered:
D:1:      lightli_molten_gateway, layout_loops_ring, serial_shops,
          nicolae_shop_tiny_waterfront, serial_park_tiny_1,
          kennysheep_minor_cross
D:2:      wad_river_or_something, layout_rooms, basic_ecumenical_altar,
          small_statue_intersection
D:3:      layout_basic, uniq_sigmund, uniq_ijyb
D:4:      layout_basic, uniq_robin, uniq_grinder, uniq_blork_the_orc
D:5:      layout_basic, tso_oasis_becter, nicolae_wu_jian_immortal_techniques,
          minmay_temple_entry_arrows, chequers_serial_rivers_micro_d,
          uniq_duvessa
D:6:      layout_basic
D:7:      layout_loops_ring, mainiacjoe_overflow_tiny_flanked,
          mainiacjoe_overflow_large_starburst, serial_shops, shop_fountains,
          gammafunk_ghost_smash, uniq_pikel, uniq_maurice
D:8:      layout_loops_ring
D:9:      layout_loops_ring, kennysheep_little_box, nicolae_uskayaw_en_pointe,
          okawaru_gym_becter
D:10:     layout_loops_ring, lair_entry_dummy, lemuel_flamethrower_2
D:11:     layout_big_octagon, uniq_lodul
D:12:     layout_roguey, serial_shops, shop, nicolae_qazlal_scattered_showers,
          uniq_sonja, uniq_urug, uniq_nergalle
D:13:     layout_cave_pools, erik_vaults_1, uniq_frances, uniq_azrael
D:14:     layout_grid_maze, chequers_serial_rivers_micro_b, drop_trap,
          uniq_jorgrun
D:15:     grunt_enter_depths_snipers, layout_cave_pools,
          grunt_decor_mini_mirrors, minmay_puff
Lair:1:   layout_gridlike, uniq_harold
Lair:2:   nzn_winding_woodlands_large [nzn_winding_woodlands_5x5_perimeter,
          nzn_winding_woodlands_5x15_longhouse, nzn_winding_woodlands_5x5_cross,
          nzn_winding_woodlands_center_diamonds,
          nzn_winding_woodlands_15x15_eel_pit,
          nzn_winding_woodlands_center_pierced_h,
          nzn_winding_woodlands_5x5_three, nzn_winding_woodlands_5x15_garden,
          nzn_winding_woodlands_5x5_open_star], layout_loops_ring,
          minmay_snake_entry_guardpost_small
Lair:3:   layout_hall_layers, minmay_shoals_entry_hut,
          nicolae_lair_lakeside_cave, grunt_megastairs_1
Lair:4:   layout_regular_city, grunt_megastairs_5, infiniplex_staircase_pool_2
Lair:5:   hellmonk_lair_end_abyssal_woods, layout_long_grid,
          dpeg_slime_entry_corner, serial_bayou_crossing
Shoals:1: nicolae_shoals_island_circles, layout_shoals, serial_shops, shop,
          nicolae_shop_clearance
Shoals:2: layout_shoals
Shoals:3: layout_shoals, nicolae_tricolors
Shoals:4: shoals_end_grunt_ice, layout_shoals, argonaut_gorgonesque, uniq_mara,
          uniq_polyphemus
Snake:1:  layout_gridlike, nicolae_snake_snakes_in_the_grass,
          nicolae_triple_integral
Snake:2:  layout_cave_pods, basic_altar
Snake:3:  layout_cave_town, serial_bayou_shore_a, uniq_aizul, uniq_donald
Snake:4:  grunt_snake_rune_spirals, layout_onion, ebering_ghost_disaster_area,
          basic_altar, regret_index_snakedec_diamondback
Slime:1:  layout_caves
Slime:2:  layout_caves, nicolae_slime_barrier
Slime:3:  layout_caves
Slime:4:  layout_caves, uniq_dissolution
Slime:5:  slime_pit_nicolae_block_by_block
Orc:1:    layout_caves, nicolae_orc_lava_room
Orc:2:    st_orc_town, layout_caves, nicolae_orc_minecarts
Elf:1:    minmay_elf_arrival_circle, layout_loops_corners,
          nicolae_trove_entry_crossroad, minmay_elf_demonology,
          lemuel_upstairs_altar
Elf:2:    nicolae_elf_blades_splatter_lattice
          [nicolae_blade_entry_sentries_behind_glass], layout_loops_cross,
          basic_altar, serial_shops, shop, minmay_shop_grove
Elf:3:    grunt_elf_hall_diamonds, layout_onion_city, minmay_shop_star
Vaults:1: hellmonk_ghost_big_iron, nicolae_vaults_door_testing_chamber,
          v_misc_27, nicolae_vaults_storage_closets_1,
          nicolae_vaults_ring_of_whatevers, vaults_dpeg_cross,
          nicolae_vaults_alarming, nicolae_vaults_meeting,
          hangedman_vaults_capsules, hangedman_vaults_nails, v_misc_22,
          nicolae_vaults_little_ls, nicolae_vaults_tangram_1,
          ontoclasm_vaults_shuriken, nicolae_vaults_tetromino_L_1,
          layout_vaults_big_room, uniq_zenata, uniq_norris, uniq_saint_roka
Vaults:2: nicolae_vaults_shelves_hall, minmay_crypt_entry_simple_sparse,
          hangedman_vaults_nodes, nicolae_vaults_trapezoid_2,
          nicolae_vaults_closet_pinwheel_1, ontoclasm_vaults_idyll,
          nicolae_vaults_little_squares_5, ontoclasm_vaults_spin,
          nicolae_vaults_tangram_1, layout_vaults_omnigrid, serial_shops, shop
Vaults:3: hangedman_vaults_cutoff, vaults_mumra_lcd, lemuel_angel_altar,
          grunt_vaults_twisty, grunt_vaults_diagonal,
          cheibrodos_statue_roulette, nicolae_vaults_mitosis,
          vaults_mumra_minichess_inversion, nicolae_vaults_house_3,
          nicolae_vaults_mini_display_case,
          serial_library_hellmonk_angled_corner, nicolae_vaults_more_shelving_1,
          nicolae_vaults_trapezoid_1, layout_vaults_ring, serial_shops,
          nicolae_shop_hallway_stairs
Vaults:4: portal_desolation_entry_twin_temple, nicolae_vaults_storage_closets_3,
          nicolae_vaults_two_Ls, nicolae_vaults_three_branches,
          nicolae_vaults_shrinking_rooms_1, nicolae_vaults_diagonal_hallway_7,
          hangedman_vaults_river_flow, vaults_standard_mumra_x,
          ontoclasm_vaults_gateway, v_misc_13, nicolae_vaults_meiosis,
          ontoclasm_vaults_tryst, layout_vaults_maze, serial_shops,
          nicolae_shop_real_fake_doors
Crypt:1:  layout_misc_corridors, minmay_misc_feat_rows, st_stairs_9,
          uniq_xtahua, uniq_boris, uniq_jory, uniq_khufu
Crypt:2:  layout_misc_corridors
Crypt:3:  quadcrypt_mu
Depths:1: minmay_octo_star, layout_gridlike, enter_ziggurat_e, hell_entry,
          serial_shops, statue_bzr, nicolae_shop_tiny_statue_garden,
          nicolae_shop_tiny_real_fake_doors, hangedman_research_thanatology
Depths:2: hangedman_pleasuredromes, hell_entry, abyss_entry, pan_entry
Depths:3: minmay_bad_star, layout_gridlike, hell_entry,
          nicolae_abyss_entry_one_way_or_another, kennysheep_small_spiral,
          firewood_loft
Depths:4: grunt_zot_entry_hairpin, layout_cave_shapes, hell_entry,
          gammafunk_ghost_berserking_beasts, abyss_entry, special_room
          [special_room_jelly], lemuel_tele_altar, uniq_parghit, uniq_margery
Hell
Zot:1:    grunt_zot_stairs_faceoff, layout_misc_corridors,
          ebering_ghost_reflecting_pool, grunt_ministairs_13, drop_trap,
          uniq_tiamat
Zot:2:    layout_gridlike, grunt_ministairs_1, nicolae_lava_and_water,
          hangedman_zot_decor_scrapings
Zot:3:    layout_twisted_circle, regret_index_zotdec_stipple_waver
Zot:4:    layout_gridlike, regret_index_zotdec_silver_v_v_loose,
          regret_index_zotdec_plus, st_stairs_6, st_grand_hoard_of_tiamat
Pan:      rand_demon_6, layout_onion_city, nicolae_pan_mnolegish_4,
          grunt_pan_spiral, layout_long_grid, regret_index_pan_divided_teeth,
          nicolae_pan_door_chamber, layout_rooms, pan_blood_fountain_2,
          pan_blood_fountain_small, nicolae_pan_hourglass, layout_grid_shapes,
          nicolae_pan_lom_lobonic_3, pan_blood_fountain_1, lom_lobon,
          layout_gridlike, pan_blood_fountain_1, nicolae_pan_mnolegish_3,
          regret_index_pan_glitter_hall, evilmike_mini_pan_thingy,
          layout_gridlike, uniq_lom_lobon, evilmike_cerebov_lava,
          layout_pan_divisions_b [pan_division_quadrant_b3,
          pan_division_quadrant_b2, pan_division_quadrant_b4,
          pan_division_quadrant_b3]

Skill      XL: |  1  2  3  4  5  6  7  8  9 10 11 12 13 14 15 16 17 18 19 20 21 22 23 24 25 26 |
---------------+-------------------------------------------------------------------------------+-----
Spellcasting   | 3 4 5 7 8 10 11 12 13 | 13.9
Fighting       | 1 3 5 7 8 10 12 | 12.8
Dodging        | 2 3 7 9 |  9.2
Translocations | 1 3 |  3.0
Ice Magic      | 3 4 |  4.0
Conjurations   | 5 7 10 12 14 18 21 24 | 24.4
Polearms       | 1 6 9 10 12 13 14 19 | 19.8
Evocations     | 2 3 4 |  4.0
Shields        | 3 4 10 12 | 12.0
Armour         | 4 6 |  6.7
Alchemy        | 4 |  4.0
Necromancy     | 3 |  3.0
Invocations    | 7 8 13 | 13.2
Stealth        | 6 8 12 | 12.1
Air Magic      | 3 13 17 19 | 19.9
Shapeshifting  | 8 |  8.0

Action                     |  1- 3 |  4- 6 |  7- 9 | 10-12 | 13-15 | 16-18 | 19-21 | 22-24 | 25-27 || total
---------------------------+-------+-------+-------+-------+-------+-------+-------+-------+-------++-------
  Melee: Spear             |       |    39 |    23 |    43 |       |       |       |       |       ||   105
         Halberd           |       |       |    81 |    61 |       |       |       |       |       ||   142
         Trident           |       |       |       |    70 |   770 |       |       |       |       ||   840
         Constrict         |       |       |       |       |   177 |   119 |   170 |   198 |   145 ||   809
         Demon trident     |       |       |       |       |    69 |   686 |  1082 |  1565 |   860 ||  4262
         Peck              |       |       |       |       |    65 |   194 |   338 |   138 |       ||   735
   Cast: Magic Dart        |    44 |    49 |    12 |     7 |       |     1 |       |       |       ||   113
         Searing Ray       |     2 |     9 |    31 |    94 |    12 |     1 |       |       |     1 ||   150
         Frozen Ramparts   |       |       |     8 |    46 |    38 |     1 |     1 |       |       ||    94
         Momentum Strike   |       |       |    12 |     4 |     7 |     2 |     1 |     2 |       ||    28
         Iskenderun's Myst |       |       |     3 |    17 |     2 |       |       |       |       ||    22
         Blink             |       |       |     1 |     6 |     2 |    11 |     5 |    14 |    11 ||    50
         Irradiate         |       |       |       |     7 |   129 |   124 |    78 |    89 |    41 ||   468
         Fugue of the Fall |       |       |       |       |    10 |     2 |     6 |    14 |     4 ||    36
         Orb of Destructio |       |       |       |       |       |   154 |   135 |   146 |   129 ||   564
         Apportation       |       |       |       |       |       |     3 |     1 |     4 |     5 ||    13
         Freezing Cloud    |       |       |       |       |       |    17 |    34 |    22 |     6 ||    79
         Chain Lightning   |       |       |       |       |       |       |       |       |     2 ||     2
         Maxwell's Capacit |       |       |       |       |       |       |       |       |    17 ||    17
         Swiftness         |       |       |       |       |       |       |       |       |     1 ||     1
 Invoke: Banish            |       |       |       |       |    12 |    15 |     9 |    21 |     6 ||    63
         Corrupt           |       |       |       |       |       |     5 |     2 |     3 |     8 ||    18
         Brand Weapon With |       |       |       |       |       |       |     1 |       |       ||     1
         Depart the Abyss  |       |       |       |       |       |       |       |     1 |       ||     1
Ability: Spit Poison       |    13 |    30 |    26 |    30 |     2 |     5 |     1 |       |       ||   107
  Evoke: Wand              |       |       |       |    26 |     9 |    20 |     1 |     9 |     5 ||    70
         Condenser vane    |       |       |       |       |     4 |     4 |     2 |     2 |     3 ||    15
         Phial of floods   |       |       |       |       |       |     1 |       |       |       ||     1
         Box of beasts     |       |       |       |       |       |       |     1 |     3 |     1 ||     5
    Use: Scroll            |       |       |     7 |     6 |    10 |    18 |     5 |     6 |    16 ||    68
         Potion            |       |       |       |     5 |     9 |     6 |     4 |    13 |     4 ||    41
   Stab: Sleeping          |       |     1 |     5 |       |     9 |     7 |    15 |    14 |     4 ||    55
         Distracted        |       |       |     1 |       |     5 |     2 |     3 |     2 |     3 ||    16
         Confused          |       |       |       |       |       |     1 |       |       |     1 ||     2
         Invisible         |       |       |       |       |       |     4 |       |       |     4 ||     8
 Armour: Robe              |     1 |    41 |   117 |   199 |       |       |       |       |       ||   358
         Troll leather arm |       |       |       |   223 |   792 |   575 |   677 |  1114 |   537 ||  3918
         Skin              |       |       |       |       |    32 |       |       |       |       ||    32
  Dodge: Dodged            |     2 |    36 |    72 |   161 |   528 |   317 |   294 |   487 |   211 ||  2108
  Block: Buckler           |       |       |       |       |    43 |    41 |       |       |       ||    84
         Kite shield       |       |       |       |       |       |   179 |   446 |   772 |   296 ||  1693
         Reflection        |       |       |       |       |       |    32 |    58 |    16 |    12 ||   118
         Form:             |       |       |       |       |       |     1 |     2 |       |       ||     3
         Serpent           |       |       |       |       |       |     1 |       |       |       ||     1
         Statue            |       |       |       |       |       |       |     1 |       |       ||     1
         Maw               |       |       |       |       |       |       |     1 |       |       ||     1

Table legend: (Time is in decaauts)
 A = Elapsed time spent in this place.
 B = Non-inter-level travel time spent in this place.
 C = Inter-level travel time spent in this place.
 D = Time resting spent in this place.
 E = Time spent auto-exploring this place.
 F = Levels seen in this place.
 G = Mean time per level.
                   A        B        C        D        E       F      G
               +--------+--------+--------+--------+--------+-----+--------+
         Total |  91543 |  80990 |  10553 |  11976 |  45896 |  68 | 1346.2 |
       Dungeon |  20578 |  16998 |   3580 |   1291 |  12160 |  15 | 1371.9 |
          Lair |  11678 |   9513 |   2165 |   1560 |   5558 |   5 | 2335.6 |
        Shoals |   6096 |   5344 |    752 |   1385 |   2198 |   4 | 1524.0 |
     Snake Pit |   6890 |   6523 |    367 |    638 |   4324 |   4 | 1722.5 |
    Slime Pits |   1733 |   1361 |    372 |    364 |      1 |   5 |  346.6 |
  Orcish Mines |   2991 |   2676 |    315 |    269 |   1702 |   2 | 1495.5 |
   Elven Halls |   5028 |   4453 |    575 |    353 |   3030 |   3 | 1676.0 |
        Vaults |  10227 |   9382 |    845 |   1835 |   5591 |   4 | 2556.8 |
         Crypt |   5046 |   4682 |    364 |    352 |   3014 |   3 | 1682.0 |
        Depths |   9699 |   8702 |    997 |   1314 |   4768 |   4 | 2424.8 |
          Hell |      4 |      4 |      0 |      0 |      0 |   1 |    4.0 |
           Zot |   4535 |   4317 |    218 |    961 |   2070 |   4 | 1133.8 |
         Abyss |    562 |    562 |      0 |     78 |      1 |   4 |  140.5 |
   Pandemonium |   4811 |   4811 |      0 |   1177 |   1474 |   7 |  687.3 |
        Bazaar |    108 |    108 |      0 |      0 |      0 |   1 |  108.0 |
         Trove |     83 |     83 |      0 |      0 |      0 |   1 |   83.0 |
    Desolation |   1467 |   1467 |      0 |    394 |      0 |   1 | 1467.0 |
               +--------+--------+--------+--------+--------+-----+--------+

Top non-repeatable levels by time:
  Lair:5: 3554 daAuts
Depths:4: 3043 daAuts
Vaults:2: 2953 daAuts
Vaults:3: 2843 daAuts
Vaults:1: 2755 daAuts
 Crypt:3: 2632 daAuts
  Lair:2: 2438 daAuts
Depths:1: 2357 daAuts
Depths:2: 2353 daAuts
  Lair:3: 2347 daAuts
    D:14: 2312 daAuts
    D:10: 2080 daAuts
   Zot:1: 2056 daAuts
  Lair:1: 2049 daAuts
     D:9: 1970 daAuts
